 Dungeon Crawl Stone Soup version 0.32-a0-932-g546787307d (webtiles) character file.

Game seed: 11264993834853607860

5388 mertasd123 the Reanimator (level 10, -5/82 HPs)
             Began as a Demonspawn Necromancer on Apr 14, 2024.
             Was a Believer of Cheibriados.
             Slain by a skeletal warrior
             ... wielding a +0 short sword
              (22 damage)
             ... on level 8 of the Dungeon.
             The game lasted 00:31:12 (7950 turns).

mertasd123 the Reanimator (Demonspawn Necromancer)  Turns: 7950, Time: 00:31:13

Health: -5/82      AC:  7    Str: 18    XL:     10   Next: 39%
Magic:  15/31      EV: 11    Int: 24    God:    Cheibriados [**....]
Gold:   1302       SH:  0    Dex: 18    Spells: 13/25 levels left

rFire   . . .        d - +10 dagger of Greed {flame, rCorr Str+3 SInv}
rCold   . . .        (no shield)
rNeg    . . .        l - +2 robe
rPois   +            (helmet restricted)
rElec   .            t - scarf {+Inv}
rCorr   +            (no gloves)
SInv    +            (no boots)
Will    .....        (no amulet)
Stlth   ++           h - ring of flight
HPRegen 1.13/turn    v - ring of magical power
MPRegen 0.44/turn

%: no passive effects
@: flying, studying Ranged Weapons, very slow
A: antennae 2, yellow scales 2, magic regeneration, poison resistance,
regeneration 1
a: Renounce Religion, Evoke Invisibility, Bend Time


You were on level 8 of the Dungeon.
You worshipped Cheibriados.
Cheibriados was pleased with you.
You visited 2 branches of the dungeon, and saw 9 of its levels.

You collected 1302 gold pieces.

Inventory:

Hand Weapons
 d - the +10 dagger of Greed (weapon) {flame, rCorr Str+3 SInv}
   (You found it on level 2 of the Dungeon)

   Str+3:     It affects your strength (+3).
   SInv:      It lets you see invisible.
   rCorr:     It protects you from acid and corrosion.
Armour
 l - a +2 robe (worn)
 t - a scarf of invisibility (worn)
Jewellery
 h - a ring of flight (left hand)
 v - a ring of magical power (right hand)
Wands
 n - a wand of flame (15)
 q - a wand of paralysis (18)
Scrolls
 g - a scroll of brand weapon
 k - 2 scrolls of teleportation
 p - 2 scrolls of enchant weapon
 r - a scroll of poison
 s - a scroll of fear
 x - a scroll of identify
Potions
 a - a potion of haste {unknown}
 b - 2 potions of magic
 c - 2 potions of lignification
 e - a potion of attraction
 f - a potion of enlightenment {unknown}
 i - a potion of mutation
 m - 2 potions of might
 o - 2 potions of brilliance
 u - a potion of resistance {unknown}
 w - a potion of cancellation {unknown}


   Skills:
 + Level 8.8 Fighting
 - Level 2.0 Armour
 - Level 2.0 Dodging
 - Level 2.0 Stealth
 + Level 8.2 Spellcasting
 + Level 2.0 Hexes
 + Level 10.5 Necromancy


You had 13 spell levels left.
You knew the following spells:

 Your Spells              Type           Power      Damage    Failure   Level
a - Necrotise             Necr           100%       1d9       1%          1
b - Vampiric Draining     Necr           57%        2d10      1%          3
c - Animate Dead          Necr           57%        N/A       1%          4
d - Anguish               Hex/Necr       20%        N/A       4%          4

Your spell library contained the following spells:

 Spells                   Type           Power      Damage    Failure   Level
 Fugue of the Fallen      Necr           57%        N/A       1%          3
 Slow                     Hex            76%        N/A       2%          1
 Curse of Agony           Necr           57%        N/A       2%          5
 Ensorcelled Hibernation  Hex/Ice        28%        N/A       6%          2
 Confusing Touch          Hex            19%        N/A       9%          3
 Ozocubu's Armour         Ice            9%         N/A       19%         3
 Volatile Blastmotes      Fire/Tloc      18%        2d11      19%         3
 Brom's Barrelling Bould  Conj/Erth      9%         2d3       54%         4
 Fulminant Prism          Conj/Alch      4%         3d5       54%         4
 Iskenderun's Mystic Bla Conj/Tloc 9%             2d4        (+2d1     54%         4
 Fireball                 Conj/Fire      4%         3d4       87%         5
 Iskenderun's Battlesphe  Conj           9%         2d6       87%         5
 Conjure Ball Lightning   Conj/Air       4%         3x3d6     100%        6
 Dispersal                Tloc           4%         N/A       100%        6
 Gell's Gavotte           Tloc           4%         2d(13-19) 100%        6
 Manifold Assault         Tloc           4%         N/A       100%        7
 Orb of Destruction       Conj           4%         9d5       100%        7
 Disjunction              Tloc           4%         N/A       100%        8


Dungeon Overview and Level Annotations

Branches:
Dungeon (8/15)             Temple (1/1) D:6
   Lair: D:8-11

Altars:
Ashenzari
Cheibriados
Dithmenos
Fedhas
Gozag
Hepliaklqana
Kikubaaqudgha
Makhleb
Nemelex Xobeh
Okawaru
Qazlal
Ru
Sif Muna
Trog
Uskayaw
Vehumet
Wu Jian
Xom
Yredelemnul

Shops:
D:7 [

Annotations:
D:6 exclusion: oklob plant


Innate Abilities, Weirdness & Mutations

You have a pair of antennae on your head.
You are mostly covered in yellow scales. (AC +3)
You regenerate magic rapidly.
Your system is resistant to poisons. (rPois)
Your natural rate of healing is unusually fast.


Message History

Confirm with . or Enter, or press ? or * to list all spells.
Casting: Anguish (dangerous; 4% risk of failure)
Press: ? - help, Dir - look around, f - activate The skeletal warrior is haunted by guilt!
The skeletal warrior hits you with a +0 short sword!!
* * * LOW HITPOINT WARNING * * *
The skeletal warrior is wracked by anguish!!
Unknown command.
Aiming: Paralyse
Press: ? - help, Q - select action, (/) - cycle Shift-Dir - straight line, f - skeletal warrior
Aim: a skeletal warrior, wielding a +0 short sword (moderately damaged, anguished, chance to affect: 1%)
The skeletal warrior resists with almost no effort.
The skeletal warrior hits you with a +0 short sword!
* * * LOW HITPOINT WARNING * * *
The skeletal warrior is wracked by anguish!
Unknown command.
You feel better.
The skeletal warrior hits you with a +0 short sword.
* * * LOW HITPOINT WARNING * * *
The skeletal warrior is wracked by anguish.
Unknown command.
Hit: d) +10 dagger of Greed {flame, rCorr Str+3 SInv}
Press: ? - help, Dir - move target, f/p - skeletal warrior
Aim: a skeletal warrior, wielding a +0 short sword (heavily damaged, anguished, about 25% to evade the +10 dagger of Greed)
You hit the skeletal warrior but do no damage.
The skeletal warrior is heavily damaged.
The skeletal warrior hits you with a +0 short sword!
* * * LOW HITPOINT WARNING * * *
The skeletal warrior is wracked by anguish!
You feel better.
The skeletal warrior hits you but does no damage.
Unknown command.
Hit: d) +10 dagger of Greed {flame, rCorr Str+3 SInv}
Press: ? - help, Dir - move target, f/p - skeletal warrior
Aim: a skeletal warrior, wielding a +0 short sword (severely damaged, anguished, about 25% to evade the +10 dagger of Greed)
You puncture the skeletal warrior! You burn the skeletal warrior.
The skeletal warrior is almost destroyed.
The skeletal warrior hits you with a +0 short sword!!
You die...
Cheibriados appreciates the motionlessness of death.

#. #....# #.... #..#....# #....
####.....#######....
..................#Z
##########...........#Z
#..#..##..#..........#. +#######
#.#..#..#.#..........#. .......#
##.##.##.##..........#.
>......#.
##.#.#@#Z##..........##
......#..#.###z#.#.#.###########
.....#..##.#.#.#.##.#........'.
###....#
..#.#####.##.#........#.
..#....# #.#..#..#.# #..##..####
..'....# #..##.##..# #..##..####
..#..).# #####.##### #.......Z..
..#..).##........ #..........
..#.).)............ +......##..


You could see a skeletal warrior (anguished).

Vanquished Creatures
  A two-headed ogre (D:7)
  3 wraiths
  3 yaks (D:8)
  Edmund (D:6)
  2 ice beasts
  A black bear (D:7)
  An orc warrior (D:6)
  6 phantoms
  2 bullfrogs
  2 kobold brigands
  Blork the orc (D:4)
  2 scorpions
  4 wights (D:7)
  2 killer bees (D:8)
  6 bombardier beetles
  7 jellies
  A crimson imp (D:5)
  4 hounds
  6 orc priests
  A gnoll bouda (D:7)
  6 orc wizards
  3 sleepcaps (D:6)
  An iguana (D:4)
  9 gnolls
  6 adders
  A white imp (D:5)
  2 ribbon worms (D:2)
  A dart slug (D:1)
  20 orcs
  12 ball pythons
  18 endoplasms
  3 giant cockroaches
  6 goblins
  5 hobgoblins
  17 kobolds
  2 quokkas
  7 bats
  3 frilled lizards
  5 rats
183 creatures vanquished.

Vanquished Creatures (collateral kills)
  A wraith (D:8)
  A jelly (D:6)
  A hound (D:7)
  An orc (D:8)
  2 bats
  2 endoplasms
  A kobold (D:7)
9 creatures vanquished.

Vanquished Creatures (others)
  Jeremiah (D:7)
  A two-headed ogre zombie (D:7)
  2 orc warriors (D:8)
  An ice beast (D:8)
  3 wights (D:7)
  2 yak zombies (D:8)
  A killer bee (D:8)
  An orc priest (D:7)
  An orc wizard (D:8)
  A scorpion zombie (D:6)
  A killer bee zombie (D:8)
  An ice beast zombie (D:8)
  A hound zombie (D:7)
  A jelly zombie (D:4)
  3 gnoll zombies
  A kobold (D:7)
  5 kobold zombies (D:8)
  16 orc zombies
43 creatures vanquished.

Grand Total: 235 creatures vanquished

Notes
Turn   | Place    | Note
-------+----------+-------------------------------------------
     0 | D:1      | mertasd123 the Demonspawn Necromancer began the quest for
                  | the Orb.
     0 | D:1      | Reached XP level 1. HP: 13/13 MP: 3/3
   165 | D:1      | Gained mutation: You are partially covered in yellow
                  | scales. (AC +2) [demonic ancestry]
   165 | D:1      | Reached XP level 2. HP: 9/20 MP: 0/5
   650 | D:2      | Reached skill level 1 in Fighting
   650 | D:2      | Identified the +10 dagger of Greed {flame, rCorr Str+3
                  | SInv}
   656 | D:2      | Gained mutation: You are mostly covered in yellow scales.
                  | (AC +3) [demonic ancestry]
   656 | D:2      | Reached XP level 3. HP: 23/26 MP: 0/6
   663 | D:2      | Reached skill level 1 in Armour
   866 | D:2      | Learned a level 3 spell: Vampiric Draining
  1108 | D:2      | Reached XP level 4. HP: 14/33 MP: 2/7
  1607 | D:3      | Learned a level 4 spell: Animate Dead
  1614 | D:2      | Reached skill level 5 in Necromancy
  1739 | D:3      | Noticed a phantom
  1747 | D:3      | Killed a phantom
  1748 | D:3      | Reached XP level 5. HP: 28/39 MP: 9/9
  2042 | D:3      | Found an ornate altar of the Wu Jian Council.
  2258 | D:4      | Gained mutation: You have a pair of small antennae on your
                  | head. [demonic ancestry]
  2258 | D:4      | Reached XP level 6. HP: 42/46 MP: 10/10
  2486 | D:4      | Noticed Blork the orc
  2509 | D:4      | Killed Blork the orc
  2510 | D:4      | Reached skill level 6 in Necromancy
  2576 | D:4      | Found a shadowy altar of Dithmenos.
  2583 | D:4      | Found a radiant altar of Vehumet.
  2583 | D:4      | Found a basalt altar of Yredelemnul.
  2600 | D:4      | Reached XP level 7. HP: 52/53 MP: 11/13
  2988 | D:5      | Entered Level 5 of the Dungeon
  3901 | D:5      | Reached skill level 7 in Necromancy
  4048 | D:6      | Reached skill level 5 in Fighting
  4048 | D:6      | Reached skill level 5 in Spellcasting
  4048 | D:6      | Gained mutation: You have a pair of antennae on your head.
                  | [demonic ancestry]
  4048 | D:6      | Reached XP level 8. HP: 62/62 MP: 15/15
  4109 | D:6      | Noticed Edmund
  4116 | D:6      | Killed Edmund
  4446 | D:6      | Identified a scroll of acquirement
  4446 | D:6      | Acquired 804 gold pieces
  4472 | D:6      | Noticed an oklob plant
  4539 | D:6      | Reached skill level 8 in Necromancy
  4753 | D:6      | Found a staircase to the Ecumenical Temple.
  4758 | Temple   | Entered the Ecumenical Temple
  4968 | D:6      | Found a sacrificial altar of Ru.
  4968 | D:6      | Found an opulent altar of Gozag.
  4978 | D:6      | Found a snail-covered altar of Cheibriados.
  4991 | D:6      | Became a worshipper of Cheibriados the Contemplative
  5198 | D:6      | Reached XP level 9. HP: 71/71 MP: 18/18
  5361 | D:6      | Reached * piety under Cheibriados
  6173 | D:7      | Noticed a two-headed ogre
  6180 | D:7      | Learned a level 4 spell: Anguish
  6189 | D:7      | Killed a two-headed ogre
  6190 | D:7      | Reached skill level 9 in Necromancy
  6230 | D:7      | Noticed Jeremiah
  6340 | D:7      | Killed Jeremiah
  6541 | D:7      | Found a stormy altar of Qazlal.
  6611 | D:7      | Found Goilegas's Antique Armour Shoppe.
  6772 | D:7      | Found a shimmering blue altar of Sif Muna.
  6813 | D:7      | Gained mutation: Your body sometimes deteriorates upon
                  | taking damage. [potion of mutation]
  6813 | D:7      | Gained mutation: You occasionally lose the ability to read
                  | scrolls when taking damage. [potion of mutation]
  6813 | D:7      | Gained mutation: You are somewhat resistant to further
                  | mutation. [potion of mutation]
  6876 | D:7      | Lost mutation: You are somewhat resistant to further
                  | mutation. [potion of mutation]
  6876 | D:7      | Lost mutation: You occasionally lose the ability to read
                  | scrolls when taking damage. [potion of mutation]
  6876 | D:7      | Lost mutation: Your body sometimes deteriorates upon taking
                  | damage. [potion of mutation]
  6876 | D:7      | Gained mutation: Your system is resistant to poisons.
                  | (rPois) [potion of mutation]
  6876 | D:7      | Gained mutation: Your natural rate of healing is unusually
                  | fast. [potion of mutation]
  7323 | D:8      | Reached ** piety under Cheibriados
  7334 | D:8      | Reached skill level 10 in Necromancy
  7334 | D:8      | Gained mutation: You regenerate magic rapidly. [demonic
                  | ancestry]
  7334 | D:8      | Reached XP level 10. HP: 74/78 MP: 21/21
  7565 | D:8      | Reached skill level 1 in Hexes
  7940 | D:8      | Noticed a skeletal warrior
  7940 | D:8      | Found the +5 scythe "Finisher" {speed, execute}
  7950 | D:8      | Slain by a skeletal warrior

Illustrated notes

Levels and vault maps discovered:
D:1:      dpeg_arrival_simpleton_b, layout_rooms
D:2:      cheibrodos_pilgrimage, layout_basic, serial_curves, eino_curves_03,
          eino_curves_03
D:3:      layout_rooms, mainiacjoe_overflow_cross_hatched
D:4:      layout_basic, grunt_temple_overflow_open, kennysheep_pointless_box,
          uniq_blork_the_orc
D:5:      layout_basic, minmay_misc_feat_columns, serial_park_tiny_1,
          dk_vineyard_1, minmay_fire_ice_demons
D:6:      lemuel_slime, layout_basic,
          chequers_temple_overflow_statue_of_worship,
          minmay_temple_entry_junction, uniq_edmund
D:7:      layout_loops_cross, led_sif_pool, nicolae_qazlal_scattered_showers,
          serial_shops, shop, chequers_serial_rivers_micro_c,
          minmay_manual_monstrance, uniq_jeremiah
D:8:      layout_gridville, lair_entry_dummy, minmay_guarded_unrand_finisher
Temple:   oiseaux_autumnal_temple

Skill      XL: |  1  2  3  4  5  6  7  8  9 10 |
---------------+-------------------------------+-----
Stealth        | 2 |  2.0
Dodging        | 2 |  2.0
Fighting       | 1 2 3 5 6 8 |  8.8
Armour         | 1 2 |  2.0
Necromancy     | 5 6 7 8 10 | 10.5
Spellcasting   | 3 4 5 6 7 8 |  8.2
Hexes          | 2 |  2.0

Action                     |  1- 3 |  4- 6 |  7- 9 | 10-12 || total
---------------------------+-------+-------+-------+-------++-------
  Melee: Unarmed           |     8 |       |       |       ||     8
         Short sword       |    47 |       |       |       ||    47
         Dagger            |    29 |    89 |   311 |    96 ||   525
   Cast: Necrotise         |    25 |     8 |     7 |       ||    40
         Vampiric Draining |       |     1 |       |       ||     1
         Animate Dead      |       |     1 |    11 |     1 ||    13
         Anguish           |       |       |    13 |    10 ||    23
  Evoke: Wand              |       |       |     1 |     2 ||     3
    Use: Scroll            |     4 |     4 |     7 |       ||    15
         Potion            |       |     1 |     6 |     3 ||    10
   Stab: Sleeping          |     3 |     2 |     3 |       ||     8
         Distracted        |     1 |       |     1 |       ||     2
         Paralysed         |       |       |     4 |       ||     4
 Armour: Robe              |    65 |    51 |   196 |    97 ||   409
  Dodge: Dodged            |    76 |    63 |   145 |    67 ||   351

Table legend: (Time is in decaauts)
 A = Elapsed time spent in this place.
 B = Non-inter-level travel time spent in this place.
 C = Inter-level travel time spent in this place.
 D = Time resting spent in this place.
 E = Time spent auto-exploring this place.
 F = Levels seen in this place.
 G = Mean time per level.
                   A        B        C        D        E       F      G
               +--------+--------+--------+--------+--------+-----+--------+
         Total |   8628 |   8301 |    327 |    305 |   6023 |   9 |  958.7 |
       Dungeon |   8489 |   8171 |    318 |    305 |   5907 |   8 | 1061.1 |
        Temple |    138 |    129 |      9 |      0 |    116 |   1 |  138.0 |
               +--------+--------+--------+--------+--------+-----+--------+

Top non-repeatable levels by time:
     D:6: 2060 daAuts
     D:7: 1497 daAuts
     D:5: 1054 daAuts
     D:2: 936 daAuts
     D:8: 889 daAuts
     D:4: 881 daAuts
     D:1: 642 daAuts
     D:3: 525 daAuts
  Temple: 138 daAuts
